 Dungeon Crawl Stone Soup version 0.27.0-1-g7a089689b8 (webtiles) character file.

Game seed: 7403414297985940111

4831 Lochraine the Archer (level 10, 0/99 (117) HPs)
             Began as a Hill Orc Hunter on Aug 8, 2021.
             Was a Priest of Fedhas.
             Slain by a wight (1 damage)
             ... on level 8 of the Dungeon.
             The game lasted 00:22:57 (10762 turns).

Lochraine the Archer (Hill Orc Hunter)             Turns: 10762, Time: 00:22:58

HP:   0/99 (117)    AC: 10    Str: 17    XL:     10   Next: 49%
MP:   15/15         EV: 14    Int: 11    God:    Fedhas [***...]
Gold: 384           SH:  0    Dex: 19    Spells: 9/9 levels left

rFire    . . .     SeeInvis .   b - +1 war axe (elec)
rCold    . . .     Faith    .   (no shield)
rNeg     . . .     Spirit   .   t - +4 ring mail
rPois    .         Reflect  .   (no helmet)
rElec    .         Harm     .   (no cloak)
rCorr    .         Rampage  .   (no gloves)
Will     +....                  (no boots)
Stlth    ..........             (no amulet)
HPRegen  0.26/turn              i - +6 ring of dexterity
MPRegen  0.14/turn              u - ring of willpower

@: berserking, heavily drained, very quick
A: no striking features
a: Renounce Religion, Wall of Briars, Grow Ballistomycete


You were on level 8 of the Dungeon.
You worshipped Fedhas.
Fedhas was most pleased with you.
You visited 1 branch of the dungeon, and saw 8 of its levels.

You collected 384 gold pieces.

Inventory:

Hand Weapons
 a - a +1 shortbow
 b - a +1 war axe of electrocution (weapon)
   (You took it off a wight on level 8 of the Dungeon)
 d - a +0 short sword
   (You took it off a kobold on level 1 of the Dungeon)
 l - a +0 short sword
 J - a +2 dagger of flaming
   (You took it off an orc on level 8 of the Dungeon)
 K - a +0 dagger of venom
   (You took it off a kobold on level 3 of the Dungeon)
 M - a +5 trident
   (You took it off a wight on level 8 of the Dungeon)
Missiles
 g - 13 arrows
 F - 2 silver javelins (quivered)
 G - a throwing net {!f}
Armour
 c - a +0 leather armour
 t - a +4 ring mail (worn)
   (You found it on level 5 of the Dungeon)
 A - the +2 robe of Light {rC+ Int+3}
   (You found it on level 6 of the Dungeon)

   Int:       It affects your intelligence (+3).
   rC:        It protects you from cold.
Jewellery
 i - a +6 ring of dexterity (left hand)
   (You found it on level 1 of the Dungeon)
 k - a ring of magical power
   (You found it on level 2 of the Dungeon)
 u - a ring of willpower (right hand)
   (You found it on level 4 of the Dungeon)
 D - a +6 ring of intelligence
   (You found it on level 7 of the Dungeon)
 L - a +4 ring of evasion
   (You found it on level 8 of the Dungeon)
Wands
 s - a wand of polymorph (10)
   (You found it on level 4 of the Dungeon)
 v - a wand of digging (7)
   (You found it on level 8 of the Dungeon)
 x - a wand of acid (13)
   (You found it on level 4 of the Dungeon)
Scrolls
 e - 3 scrolls of teleportation {@r4}
 f - 2 scrolls of identify {@r1}
 h - a scroll of magic mapping {unknown}
 m - a scroll of vulnerability {unknown}
 w - a scroll of acquirement {unknown}
 y - a scroll of fear {unknown}
 B - a scroll of silence {unknown}
 C - a scroll of enchant weapon {unknown}
 H - a scroll of noise {unknown}
 I - a scroll of enchant armour {unknown}
Potions
 j - a potion of haste {@q3}
 n - 3 potions of flight
 o - 3 potions of magic
 p - a potion of lignification {unknown}
 q - a potion of invisibility
 r - 5 potions of curing {@q1}
 E - 2 potions of attraction {unknown}


   Skills:
 + Level 4.1 Fighting
 - Level 0.9 Short Blades
 + Level 1.0(1.3) Axes
 - Level 1.1(1.2) Polearms
 - Level 9.6 Bows
 - Level 7.3 Armour
 - Level 5.7 Dodging
 - Level 0.7 Stealth
 + Level 7.1 Invocations


You had 9 spell levels left.
You didn't know any spells.
Your spell library contained the following spells:

 Spells                   Type           Power      Damage    Failure   Level
 Shock                    Conj/Air       0%         1d3       52%         1
 Sting                    Tmut/Pois      0%         1d3       52%         1
 Poisonous Vapours        Pois/Air       0%         N/A       65%         2
 Slow                     Hex            0%         N/A       65%         2
 Confusing Touch          Hex            0%         N/A       87%         3
 Swiftness                Air            0%         N/A       87%         3
 Vampiric Draining        Necr           0%         2d6       87%         3
 Airstrike                Air            0%         N/A       99%         4
 Olgreb's Toxic Radiance  Pois           0%         N/A       99%         4


Dungeon Overview and Level Annotations

Branches:
Dungeon (8/15)             Temple (0/1) D:5            Lair (0/6) D:8

Altars:
Ashenzari
Cheibriados
Fedhas
Makhleb
Okawaru
Qazlal
Yredelemnul


Message History

b - a +1 war axe of electrocution (weapon)
The wyvern hisses angrily.
Your +1 war axe of electrocution stops crackling.
a - a +1 shortbow (weapon)
You shoot an arrow. The arrow hits the wyvern!
You shoot an arrow. The arrow hits the wyvern!
You shoot an arrow. The arrow hits the wyvern!
You kill the wyvern!
Fedhas appreciates your contribution to the ecosystem.
Your Axes skill increases to level 1!
A wight comes into view.
It is wielding a +4 trident of freezing.
You shoot an arrow. The arrow barely misses the wight.
You shoot an arrow. The arrow closely misses the wight.
You shoot an arrow. The arrow hits the wight.
You shoot an arrow. The arrow closely misses the wight.
The wight hits you from afar with a +4 trident of freezing!
You feel drained. The wight freezes you.
You hear the crackle of electricity.
b - a +1 war axe of electrocution (weapon)
The wight barely misses you.
You barely miss the wight.
The wight hits you with a +4 trident of freezing!
* * * LOW HITPOINT WARNING * * *
You feel drained.
* * * LOW HITPOINT WARNING * * *
The wight freezes you.
* * * LOW HITPOINT WARNING * * *
The wight hits you with a +4 trident of freezing!
* * * LOW HITPOINT WARNING * * *
The wight freezes you.
* * * LOW HITPOINT WARNING * * *
You completely miss the wight.
The wight hits you with a +4 trident of freezing.
* * * LOW HITPOINT WARNING * * *
You feel drained. The wight freezes you.
* * * LOW HITPOINT WARNING * * *
A red film seems to cover your vision as you go berserk!
You feel yourself moving faster!
You feel mighty!
The wight hits you with a +4 trident of freezing!
* * * LOW HITPOINT WARNING * * *
You feel drained.
* * * LOW HITPOINT WARNING * * *
The wight freezes you.
* * * LOW HITPOINT WARNING * * *
You slash the wight!
The wight hits you with a +4 trident of freezing.
* * * LOW HITPOINT WARNING * * *
You feel drained. The wight freezes you.
You die...
Fedhas appreciates your contribution to the ecosystem.

...#......####.
#.#.###....#
...#...........
#.....'.....
)..############
###.######### ...#
#....##
##(####....# ...#
......##..##[......
..# ...#
##.♣♣♣....#(.#....♣
#.# ...#
#....♣♣♣..)##'..♣
#.# ...#
#..z...♣♣..≈≈..♣♣
#.# #### #...z.
♣@.≈≈..♣ #.# #....
♣♣z.≈≈..♣ #.# #...
♣♣♣.(####..♣ #.#
#.♣♣♣...(# #....
##.# #.....((##
##..... #...
##....###
##....####. ######
##### #. #. #.


You could see a wight.

Vanquished Creatures
  Harold (D:7)
  Psyche (D:8)
  Sigmund (D:4)
  A yak (D:8)
  A wyvern (D:8)
  Menkaure (D:6)
  3 water moccasins
  Duvessa (D:7)
  2 ice beasts
  2 orc warriors
  2 hornet zombies
  3 necrophages
  An ogre (D:3)
  A centaur (D:7)
  A phantom (D:4)
  2 bullfrogs (D:7)
  A kobold brigand (D:8)
  2 wyvern zombies
  2 water moccasin zombies (D:6)
  2 scorpions
  Dowan (D:7)
  8 wights
  A howler monkey (D:5)
  A centaur zombie (D:6)
  A human zombie (D:6)
  2 gnoll shamans
  3 hounds
  2 jellies
  A centaur skeleton (D:6)
  An orc priest (D:5)
  2 bullfrog skeletons (D:5)
  4 iguanas
  2 killer bee zombies (D:6)
  2 hound skeletons (D:4)
  2 mummies (D:6)
  A howler monkey zombie (D:6)
  9 gnolls
  A howler monkey skeleton (D:6)
  4 white imps
  An ufetubus (D:6)
  An adder skeleton (D:4)
  A worm (D:2)
  3 dart slugs
  14 orcs
  6 ball pythons
  5 endoplasms
  5 giant cockroaches
  7 goblins
  6 hobgoblins
  3 jackals (D:1)
  10 kobolds
  2 quokkas (D:1)
  2 bats (D:1)
  A rat (D:1)
146 creatures vanquished.

Vanquished Creatures (collateral kills)
  2 wights (D:8)
  3 ballistomycete spores (D:7)
5 creatures vanquished.

Vanquished Creatures (others)
  2 slime creatures (D:8)
  5 bushes (D:8)
  8 fungi
  21 plants (D:8)
36 creatures vanquished.

Grand Total: 187 creatures vanquished

Notes
Turn   | Place    | Note
-------+----------+-------------------------------------------
     0 | D:1      | Lochraine the Hill Orc Hunter began the quest for the Orb.
     0 | D:1      | Reached XP level 1. HP: 18/18 MP: 1/1
   197 | D:1      | Reached skill level 4 in Bows
   197 | D:1      | Reached XP level 2. HP: 25/25 MP: 2/2
   275 | D:1      | Reached XP level 3. HP: 29/30 MP: 3/3
   409 | D:1      | Found a faded altar of an unknown god.
   962 | D:2      | Noticed a necrophage
   970 | D:2      | Killed a necrophage
   971 | D:2      | Reached skill level 5 in Bows
   971 | D:2      | Reached skill level 1 in Armour
   971 | D:2      | Reached XP level 4. HP: 28/37 MP: 4/4
   971 | D:2      | Reached XP level 5. HP: 32/42 MP: 5/5
  1477 | D:3      | Noticed an ogre
  1494 | D:3      | Found a blossoming altar of Fedhas.
  1536 | D:3      | Became a worshipper of Fedhas Madash
  1676 | D:3      | Found a broken altar of Ashenzari.
  1784 | D:3      | Found a snail-covered altar of Cheibriados.
  2014 | D:3      | Found a stormy altar of Qazlal.
  2178 | D:3      | Killed an ogre
  2179 | D:3      | Reached XP level 6. HP: 50/50 MP: 5/7
  2318 | D:4      | Reached skill level 6 in Bows
  2734 | D:4      | Reached XP level 7. HP: 29/56 MP: 10/10
  2736 | D:4      | Reached * piety under Fedhas
  2985 | D:4      | Noticed Sigmund
  3112 | D:4      | Killed Sigmund
  3113 | D:4      | Reached skill level 5 in Invocations
  3360 | D:5      | Entered Level 5 of the Dungeon
  3390 | D:4      | Reached skill level 7 in Bows
  4048 | D:5      | Found a staircase to the Ecumenical Temple.
  4206 | D:4      | Reached XP level 8. HP: 19/62 MP: 12/12
  4452 | D:5      | Found a burning altar of Makhleb.
  4836 | D:6      | Noticed Menkaure
  4891 | D:6      | Identified the +2 robe of Light {rC+ Int+3}
  4910 | D:6      | Killed Menkaure
  5164 | D:6      | Reached ** piety under Fedhas
  5540 | D:6      | Reached skill level 8 in Bows
  5950 | D:6      | Reached XP level 9. HP: 50/68 MP: 13/13
  6097 | D:6      | Reached skill level 5 in Armour
  6335 | D:6      | Found a basalt altar of Yredelemnul.
  6933 | D:7      | Noticed Harold
  7900 | D:7      | Noticed Duvessa
  7904 | D:7      | Noticed Dowan
  7924 | D:7      | Killed Duvessa
  7925 | D:7      | Killed Dowan
  7926 | D:7      | Reached skill level 5 in Dodging
  8022 | D:7      | Reached *** piety under Fedhas
  8040 | D:7      | Reached skill level 9 in Bows
  8738 | D:7      | Killed Harold
  8739 | D:7      | Reached XP level 10. HP: 37/74 MP: 10/14
  9277 | D:8      | Found a staircase to the Lair.
  9827 | D:8      | Noticed a gargoyle
 10010 | D:8      | Noticed a deep elf pyromancer
 10033 | D:8      | Noticed a centaur warrior
 10033 | D:8      | Noticed a manticore
 10145 | D:8      | Noticed Psyche
 10180 | D:8      | Killed Psyche
 10618 | D:8      | Found an iron altar of Okawaru.
 10640 | D:8      | Reached skill level 1 in Polearms
 10696 | D:8      | Reached skill level 1 in Axes
 10761 | D:8      | HP: 1/100 [wight (5)]
 10762 | D:8      | Slain by a wight

Illustrated notes

Levels and vault maps discovered:
D:1:      lightli_arrival_statue_moat, layout_basic,
          hellmonk_ecumenical_altar_blasted, hex_medium
D:2:      layout_rooms
D:3:      layout_basic, mainiacjoe_overflow_catwalk, fedhas_altar_2,
          mainiacjoe_overflow_tiny_flanked, mainiacjoe_overflow_alcove_4
D:4:      layout_basic, minmay_checkerbox, uniq_sigmund
D:5:      layout_cave_pools, mainiacjoe_overflow_chevrons,
          minmay_temple_entry_wispy, chequers_serial_rivers_room_a
D:6:      layout_cave_pools, lemuel_mausoleum_altar_yredelemnul, uniq_menkaure
D:7:      layout_loops_corners, kennysheep_path_1, uniq_duvessa, uniq_harold
D:8:      layout_basic, mainiacjoe_overflow_alcove_1,
          mainiacjoe_overflow_two_lobes, nicolae_dithmenos_the_darkroom,
          minmay_lair_entry_grove, minivault_12, uniq_psyche, uniq_joseph

Skill      XL: |  1  2  3  4  5  6  7  8  9 10 |
---------------+-------------------------------+-----
Bows           | 4 5 6 7 8 9 |  9.6
Armour         | 1 2 4 7 |  7.3
Invocations    | 2 4 6 7 |  7.1
Dodging        | 2 3 5 |  5.7
Fighting       | 4 |  4.1
Polearms       | 1 |  1.1
Axes           | 1 |  1.0
Short Blades   | |  0.9
Stealth        | |  0.7

Action                   |  1- 3 |  4- 6 |  7- 9 | 10-12 || total
-------------------------+-------+-------+-------+-------++-------
Melee: Short sword       |    24 |       |    17 |       ||    41
       Dagger            |       |       |   116 |    11 ||   127
       Trident           |       |       |       |    35 ||    35
       War axe           |       |       |       |     3 ||     3
 Fire: Shortbow          |    67 |   104 |   359 |    91 ||   621
Throw: Javelin           |       |       |     4 |       ||     4
Invok: Grow Ballistomyce |       |       |     1 |       ||     1
       Wall of Briars    |       |       |       |     1 ||     1
Evoke: Wand              |       |       |     3 |     4 ||     7
  Use: Scroll            |       |       |     5 |     5 ||    10
       Potion            |       |       |     2 |     1 ||     3
 Stab: Sleeping          |       |       |     1 |       ||     1
Armor: Leather armour    |    16 |     7 |     5 |       ||    28
       Ring mail         |       |       |   112 |    33 ||   145
Dodge: Dodged            |    25 |    23 |   254 |    64 ||   366
